 Dungeon Crawl Stone Soup version 0.25.1-9-gc5326a611f (webtiles) character file.

Game seed: 17017676281330841921

434 Destapler the Chopper (level 7, -6/61 HPs)
             Began as a Hill Orc Fighter on Jan 2, 2021.
             Mangled by a gnoll
             ... wielding a +0 club
              (7 damage)
             ... while paralysed by Grinder
             ... on level 4 of the Dungeon.
             The game lasted 00:05:15 (3774 turns).

Destapler the Chopper (Hill Orc Fighter)            Turns: 3774, Time: 00:05:16

Health: -6/61      AC:  8    Str: 20 (21) XL:     7   Next: 0%
Magic:  7/7        EV:  2    Int: 12 (14) God:
Gold:   142        SH:  0    Dex:  9 (10) Spells: 6/6 levels left

rFire    . . .     SeeInvis .   a - +0 war axe
rCold    . . .     Gourm    .   c - +0 kite shield
rNeg     . . .     Faith    .   b - +0 scale mail
rPois    .         Spirit   .   B - +0 helmet
rElec    .         Reflect  .   (no cloak)
rCorr    .         Harm     .   (no gloves)
MR       .....                  (no boots)
Stlth    ..........             (no amulet)
HPRegen  0.20/turn              o - ring of flight
MPRegen  0.10/turn              p - +6 ring of intelligence

@: paralysed
A: no striking features
a: Evoke Flight


You were on level 4 of the Dungeon.
You were not hungry.

You visited 1 branch of the dungeon, and saw 4 of its levels.

You collected 142 gold pieces.

Inventory:

Hand Weapons
 a - a +0 war axe (weapon)
 n - a +1 whip of venom
Missiles
 h - 3 throwing nets (quivered)
 y - 24 poisoned darts
 C - 7 javelins
Armour
 b - a +0 scale mail (worn)
 c - a +0 kite shield (worn)
 t - a +0 robe of fire resistance
 u - a +0 plate armour
 B - a +0 helmet (worn)
Jewellery
 o - a ring of flight (left hand)
 p - a +6 ring of intelligence (right hand)
 v - an uncursed ring of magical power {unknown}
 A - an uncursed ring of poison resistance
Scrolls
 e - a scroll of fear {unknown}
 i - 4 scrolls of teleportation {unknown}
 k - 5 scrolls of identify {unknown}
 l - a scroll of enchant weapon {unknown}
 q - a scroll of remove curse {unknown}
 w - a scroll of enchant armour {unknown}
 x - a scroll of random uselessness {unknown}
Potions
 d - 2 potions of might
 j - 2 potions of heal wounds
 s - a potion of flight
Comestibles
 f - 10 rations


   Skills:
 + Level 5.0 Fighting
 * Level 5.9 Axes
 + Level 2.2 Throwing
 + Level 4.4 Armour
 + Level 4.5 Shields


You had 6 spell levels left.
You didn't know any spells.
Your spell library contained the following spells:

 Spells                   Type           Power        Failure   Level  Hunger
 Ensorcelled Hibernation  Hex/Ice        #.....       99%         2    ###....


Dungeon Overview and Level Annotations

Branches:
Dungeon (4/15)             Temple (0/1) D:4

Altars:
Dithmenos
Okawaru

Annotations:
D:4 Grinder


Message History

The gnoll hits you but does no damage. Grinder hits you but does no damage.
The gnoll hits you from afar with a +0 halberd.
The gnoll hits you but does no damage. x2; Grinder blinks!
The gnoll hits you but does no damage. x3; The gnoll hits you.
Grinder blinks!
The gnoll hits you from afar with a +0 halberd!
* * * LOW HITPOINT WARNING * * *
The gnoll hits you but does no damage. The gnoll hits you with a +0 flail.
* * * LOW HITPOINT WARNING * * *
The gnoll hits you.
* * * LOW HITPOINT WARNING * * *
Grinder blinks!
The gnoll hits you but does no damage.
The gnoll hits you from afar with a +0 halberd.
* * * LOW HITPOINT WARNING * * *
The gnoll hits you!
* * * LOW HITPOINT WARNING * * *
Grinder blinks!
The gnoll hits you with a +0 flail!
* * * LOW HITPOINT WARNING * * *
The gnoll hits you with a +0 club!
You die...

#..## ...# #).# #..#
#))# #..#######..# #...
...#..######
#..#####.#........
#ag##...........##
#####gg.............#
#..?.@g§....5.......#
.##.###..............##
............##.####.##
###.###.######.# #.#
#.######.# #.#
#........# #.####
########## #.....
######


You could see Grinder, a worker ant and 4 gnolls.

Vanquished Creatures
  Blork the orc (D:4)
  2 orc wizards
  Jessica (D:2)
  An iguana (D:4)
  A worker ant (D:4)
  Robin (D:4)
  9 adders
  2 oozes
  4 dart slugs
  5 worms
  2 leopard geckos (D:2)
  10 orcs
  A ball python (D:2)
  2 giant cockroaches
  17 goblins
  13 hobgoblins
  9 kobolds
  4 quokkas
  7 bats
  7 frilled lizards
  6 rats
105 creatures vanquished.

Notes
Turn   | Place    | Note
-------+----------+-------------------------------------------
     0 | D:1      | Destapler the Hill Orc Fighter began the quest for the Orb.
     0 | D:1      | Reached XP level 1. HP: 19/19 MP: 1/1
   344 | D:1      | Reached XP level 2. HP: 19/27 MP: 2/2
   921 | D:2      | Reached XP level 3. HP: 33/33 MP: 3/3
  1265 | D:2      | Found a shadowy altar of Dithmenos.
  1269 | D:2      | Reached skill level 1 in Throwing
  1276 | D:2      | Reached XP level 4. HP: 34/40 MP: 4/4
  1495 | D:2      | Noticed Jessica
  1507 | D:2      | Killed Jessica
  1662 | D:2      | Identified Jessica's Almanac of Curses
  1705 | D:2      | Reached XP level 5. HP: 47/47 MP: 5/5
  2182 | D:3      | Found an iron altar of Okawaru.
  2886 | D:3      | Reached skill level 5 in Axes
  3047 | D:4      | Reached XP level 6. HP: 51/53 MP: 6/6
  3198 | D:4      | Noticed Robin
  3207 | D:4      | Killed Robin
  3393 | D:4      | Found a staircase to the Ecumenical Temple.
  3494 | D:4      | Noticed Blork the orc
  3510 | D:4      | Killed Blork the orc
  3510 | D:4      | Reached skill level 5 in Fighting
  3510 | D:4      | Reached XP level 7. HP: 40/61 MP: 7/7
  3764 | D:4      | Noticed Grinder
  3768 | D:4      | Paralysed by Grinder for 7 turns
  3773 | D:4      | HP: 1/61 [gnoll/+0 flail (7)]
  3774 | D:4      | Mangled by a gnoll

Illustrated notes

Levels and vault maps discovered:
D:1:      lightli_arrival_isolated_outpost, layout_loops_corners,
          wad_floor_pattern_1
D:2:      layout_rooms, nicolae_dithmenos_through_a_glass_darkly,
          serial_corexii_hall, chequers_hall_statues_wall_a,
          corexii_hall_statues_deadend, kennysheep_jessica_study
D:3:      layout_loops_ring, okawaru_ov_weapons_minmay, first_ration,
          chequers_hall_statues_corner_a, minmay_statues_item
D:4:      layout_loops_ring, minmay_temple_entry_gardened_gates, uniq_robin,
          uniq_blork_the_orc, uniq_grinder

Skill      XL: |  1  2  3  4  5  6 |
---------------+-------------------+-----
Axes           | 3 4 5 |  5.9
Fighting       | 4 5 |  5.0
Throwing       | 1 2 |  2.2
Armour         | 4 |  4.4
Shields        | 4 |  4.5

Action                   |  1- 3 |  4- 6 |  7- 9 || total
-------------------------+-------+-------+-------++-------
Melee: War axe           |    97 |   229 |     3 ||   329
  Use: Potion            |       |     7 |       ||     7
  Eat: Chunk             |     1 |     8 |     1 ||    10
Armor: Scale mail        |    53 |   107 |     8 ||   168
Dodge: Dodged            |    25 |    71 |       ||    96
Block: Kite shield       |    59 |   134 |     1 ||   194
